 Dungeon Crawl Stone Soup version 0.23.2-33-g5129a83184 (webtiles) character file.

Game seed: 16003747175188239273

87 HEYYEYAAE the Cudgeler (level 4, -9/44 HPs)
             Began as a Troll Berserker on July 3, 2019.
             Was a Believer of Trog.
             Mangled by Grinder (11 damage)
             ... on level 3 of the Dungeon.
             The game lasted 00:01:55 (1726 turns).

HEYYEYAAE the Cudgeler (Troll Berserker)            Turns: 1726, Time: 00:01:56

Health: -9/44      AC:  6    Str: 26    XL:     4   Next: 28%
Magic:  3/3        EV: 10    Int:  3    God:    Trog [**....]
Gold:   123        SH:  0    Dex:  9    Spells: 3/3 levels left

rFire    . . .     SeeInvis .   l - +0 mace (curse)
rCold    . . .     Gourm    +   (no shield)
rNeg     . . .     Faith    .   b - +0 animal skin
rPois    .         Spirit   .   (helmet restricted)
rElec    .         Reflect  .   (no cloak)
rCorr    .         Harm     .   (gloves unavailable)
MR       .....                  (boots unavailable)
Stlth    +.........             (no amulet)
HPRegen  0.54/turn              (no ring)
MPRegen  0.08/turn              (no ring)

@: berserk cooldown, slowed, very slow
A: large, unfitting armour, claws 3, fast metabolism 3, gourmand, regeneration
1, shaggy fur 1, tough skin 3
a: Berserk, Trog's Hand, Renounce Religion


You were on level 3 of the Dungeon.
You worshipped Trog.
Trog was pleased with you.
You were very full.

You visited 1 branch of the dungeon, and saw 3 of its levels.

You collected 123 gold pieces.

Inventory:

Hand Weapons
 a - a +0 mace
 l - a cursed +0 mace (weapon)
Armour
 b - a +0 animal skin (worn)
Jewellery
 d - an uncursed ring of fire
 m - an uncursed ring of protection from magic {unknown}
Wands
 s - a wand of disintegration (18)
Scrolls
 f - 4 scrolls of identify {unknown}
 k - a scroll of remove curse {unknown}
 n - a scroll of random uselessness {unknown}
 o - a scroll of fog {unknown}
 q - a scroll of amnesia {unknown}
 t - a scroll of teleportation {unknown}
 v - a scroll of enchant weapon {unknown}
Potions
 e - a potion of magic
 g - a potion of agility {unknown}
 h - a potion of mutation {unknown}
 i - a potion of resistance {unknown}
 j - a potion of lignification {unknown}
 p - 2 potions of degeneration {unknown}
 r - a potion of might {unknown}
 u - a potion of brilliance {unknown}
Comestibles
 c - 5 rations


   Skills:
 - Level 2.4 Fighting
 + Level 4.7 Maces & Flails
 - Level 2.4 Dodging


You had 3 spell levels left.
You didn't know any spells.
Your spell library was empty.

Dungeon Overview and Level Annotations

Branches:
Dungeon (3/15)

Altars:
Fedhas
Kikubaaqudgha
Okawaru
The Shining One

Annotations:
D:3 Grinder


Innate Abilities, Weirdness & Mutations

You are too large for most types of armour.
You have claws for hands.
Your metabolism is lightning-fast.
You like to eat raw meat.
Your natural rate of healing is unusually fast.
You are covered in fur. (AC +1)
You have extremely tough skin. (AC +3)


Message History

Unknown command.
Unknown command.
Unknown command.
Unknown command.
Unknown command.
Unknown command.
Unknown command.
Unknown command.
The frilled lizard unfolds its giant frill.
There is a stone staircase leading up, spattered with blood here.
You barely miss Grinder.
You are no longer berserk.
You are exhausted.
You feel yourself slow down. Grinder hits you.
* * * LOW HITPOINT WARNING * * *
You writhe in agony.
* * * LOW HITPOINT WARNING * * *
Unknown command.
It was a potion of magic.
Magic courses through your body. Grinder hits you!
You die...

###.
#############.....
#.....@5l........
#.#######........
##.###.###
#..#.....#
##..#.....#.
#...5...>...
#...#.....#.
#$..#.....#
#(..###.###


You could see Grinder and a frilled lizard.

Vanquished Creatures
  4 adders (D:2)
  A worm (D:2)
  2 dart slugs
  A bat (D:1)
  4 giant cockroaches
  13 goblins
  5 hobgoblins
  3 frilled lizards
  7 kobolds
  3 rats
43 creatures vanquished.

Notes
Turn   | Place    | Note
-------+----------+-------------------------------------------
     0 | D:1      | HEYYEYAAE the Troll Berserker began the quest for the Orb.
     0 | D:1      | Reached XP level 1. HP: 22/22 MP: 0/0
    52 | D:1      | Reached skill level 3 in Maces & Flails
   166 | D:1      | Reached XP level 2. HP: 25/29 MP: 1/1
  1059 | D:2      | Found a blossoming altar of Fedhas.
  1062 | D:2      | Found an ancient bone altar of Kikubaaqudgha.
  1094 | D:2      | Reached XP level 3. HP: 31/36 MP: 2/2
  1098 | D:2      | Reached skill level 4 in Maces & Flails
  1190 | D:2      | Reached ** piety under Trog
  1384 | D:2      | Reached XP level 4. HP: 39/44 MP: 3/3
  1463 | D:2      | Found an iron altar of Okawaru.
  1576 | D:2      | Found a glowing golden altar of the Shining One.
  1691 | D:3      | Noticed Grinder
  1693 | D:3      | Paralysed by Grinder for 3 turns
  1717 | D:3      | Paralysed by Grinder for 6 turns
  1725 | D:3      | HP: 1/44 [Grinder (3)]
  1726 | D:3      | Mangled by Grinder

Skill      XL: |  1  2  3 |
---------------+----------+-----
Maces & Flails | 3 4 |  4.7
Fighting       | |  2.4
Dodging        | |  2.4

Action                   |  1- 3 |  4- 6 || total
-------------------------+-------+-------++-------
Melee: Mace              |   155 |    20 ||   175
Invok: Berserk           |     1 |     1 ||     2
  Use: Potion            |       |     1 ||     1
 Stab: Sleeping          |     1 |       ||     1
  Eat: Chunk             |    12 |     7 ||    19
       Ration            |     1 |       ||     1
Armor: Animal skin       |    77 |     8 ||    85
Dodge: Dodged            |   114 |    11 ||   125
